 Dungeon Crawl Stone Soup version 0.29-a0-598-gd8304a5bf4 (webtiles) character file.

Game seed: 4463951269018994792

1174 croobank the Firebug (level 7, 0/56 HPs)
             Began as a Demigod Fire Elementalist on June 15, 2022.
             Killed by miscasting Flame Wave (10 damage)
             ... in an ossuary.
             The game lasted 00:18:46 (5381 turns).

croobank the Firebug (Demigod Fire Elementalist)    Turns: 5381, Time: 00:18:47

Health: 0/56       AC:  5    Str:  9    XL:     7   Next: 97%
Magic:  7/16       EV: 12    Int: 25    God:
Gold:   187        SH:  0    Dex: 14    Spells: 6/13 levels left

rFire   . . .      SeeInvis .   x - +1 flail (pain)
rCold   . . .      Faith    .   (no shield)
rNeg    . . .      Spirit   .   d - +1 leather armour
rPois   .          Reflect  .   (no helmet)
rElec   .          Harm     .   (no cloak)
rCorr   .          Rampage  .   (no gloves)
Will    .....                   t - +0 pair of boots
Stlth   ++........              (no amulet)
HPRegen 0.18/turn               (no ring)
MPRegen 0.15/turn               (no ring)

@: about to teleport, very slightly contaminated
A: high MP 1, forlorn, divine attributes
a: no special abilities


You were in an ossuary.
You visited 1 branch of the dungeon, and saw 5 of its levels.
You also visited: Ossuary.

You collected 187 gold pieces.

Inventory:

Hand Weapons
 b - a +0 halberd
 g - a +0 whip
 h - a +0 hand axe of flaming
 k - a +0 spear
 r - a +0 dagger of venom
 w - a +0 falchion
 x - a +1 flail of pain (weapon)
 B - a +0 battleaxe
Missiles
 q - 4 boomerangs
 s - 3 poisoned darts
Armour
 a - a +0 robe
 d - a +1 leather armour (worn)
 t - a +0 pair of boots (worn)
Wands
 c - a wand of polymorph (12)
 f - a wand of charming (7)
 y - a wand of flame (2)
Scrolls
 e - a scroll of identify
 i - 4 scrolls of immolation
 j - 2 scrolls of amnesia
 m - 5 scrolls of fog
 p - a scroll of teleportation
Potions
 l - 4 potions of attraction
 n - a potion of ambrosia
 o - a potion of cancellation
 v - a potion of flight
 z - a potion of lignification
 C - a potion of berserk rage {unknown}


   Skills:
 + Level 2.3 Fighting
 + Level 4.0 Dodging
 + Level 4.4 Stealth
 + Level 3.8 Spellcasting
 + Level 3.7 Conjurations
 + Level 4.6 Fire Magic


You had 6 spell levels left.
You knew the following spells:

 Your Spells              Type           Power      Damage    Failure   Level
a - Foxfire               Conj/Fire      100%       2x1d9     2%          1
b - Scorch                Fire           56%        2d8       3%          2
c - Flame Wave            Conj/Fire      25%        2d7       22%         4

Your spell library contained the following spells:

 Spells                   Type           Power      Damage    Failure   Level
 Conjure Flame            Conj/Fire      25%        6-21      7%          3
 Static Discharge         Conj/Air       14%        N/A       9%          2
 Inner Flame              Hex/Fire       16%        N/A       16%         3
 Poisonous Vapours        Pois/Air       8%         N/A       21%         2
 Sticky Flame             Conj/Fire      25%        2d5       22%         4
 Corpse Rot               Necr/Pois/Air  4%         N/A       78%         4
 Dispel Undead            Necr           4%         3d7       78%         4


Dungeon Overview and Level Annotations

Branches:
Dungeon (5/15)             Temple (0/1) D:4         Ossuary (1/1)

Annotations:
D:2 1 runed translucent door, Crazy Yiuf
D:5 Pikel


Innate Abilities, Weirdness & Mutations

You have an increased reservoir of magic. (+10% MP)
You shall have no god before yourself.
Your divine heritage dramatically boosts your attributes as you level up.


Message History

The wyvern zombie is moderately damaged.
The foxfire hits the wyvern zombie.
The wyvern zombie is heavily damaged.
The foxfire hits the wyvern zombie!
The wyvern zombie is heavily damaged.
The wyvern zombie bites you!
Casting: Foxfire (safe; 2% risk of failure)
Confirm with . or Enter, or press ? or * to list all spells.
You conjure some foxfire!
The wyvern zombie closely misses you. x2
You hit the wyvern zombie.
The wyvern zombie is severely damaged.
The foxfire hits the wyvern zombie but does no damage.
The wyvern zombie is severely damaged.
The foxfire hits the wyvern zombie.
The wyvern zombie is severely damaged.
The wyvern zombie closely misses you.
Casting: Foxfire (safe; 2% risk of failure)
Confirm with . or Enter, or press ? or * to list all spells.
You conjure some foxfire!
The wyvern zombie bites you but does no damage. x2
You hit the wyvern zombie.
The wyvern zombie is severely damaged.
The foxfire hits the wyvern zombie but does no damage.
The wyvern zombie is severely damaged.
The foxfire hits the wyvern zombie.
The wyvern zombie is severely damaged.
The wyvern zombie bites you! The wyvern zombie bites you.
Okay, then.
As you read the scroll of teleportation, it crumbles to dust.
You feel strangely unstable. The wyvern zombie bites you!
* * * LOW HITPOINT WARNING * * *
Casting: Foxfire (safe; 2% risk of failure)
Confirm with . or Enter, or press ? or * to list all spells.
The spell is quite dangerous to miscast (22% risk of failure)!
Continue anyway?
Casting: Flame Wave (quite dangerous; 22% risk of failure)
Press: ? - help, Dir - look around, f - activate You miscast Flame Wave.
You are very lightly contaminated with residual magic.
The air around you crackles with energy!
You die...

## #.#
'#'#'#'#'#+###
........ZZ@'.#
#+##'##'##M###
#...#.+
#.∩.#.#
#∩..#.+
#####.# ..+
#.#


You could see a mummy, a bullfrog zombie and a wyvern zombie.

Vanquished Creatures
  Grinder (D:4)
  Edmund (D:4)
  A phantom (D:4)
  A lemure (D:4)
  2 scorpions
  A wyvern zombie (Ossuary)
  A centaur zombie (Ossuary)
  4 hounds
  2 iguanas
  Ijyb (D:3)
  Natasha (thrice) (D:4)
  7 mummies (Ossuary)
  4 gnolls (D:2)
  9 adders
  3 worms (D:2)
  4 dart slugs
  7 orcs
  2 bats
  7 endoplasms
  3 giant cockroaches
  2 goblins (D:2)
  3 hobgoblins
  9 jackals
  5 kobolds
  A quokka (D:1)
  A ball python (D:1)
  5 frilled lizards
  A rat (D:1)
91 creatures vanquished.

Vanquished Creatures (others)
  9 demonic plants (D:2)
  169 foxfires
  3 withered plants (Ossuary)
181 creatures vanquished.

Grand Total: 272 creatures vanquished

Notes
Turn   | Place    | Note
-------+----------+-------------------------------------------
     0 | D:1      | croobank the Demigod Fire Elementalist began the quest for
                  | the Orb.
     0 | D:1      | Reached XP level 1. HP: 14/14 MP: 5/5
    11 | D:1      | Reached skill level 1 in Conjurations
   299 | D:1      | Reached XP level 2. HP: 20/20 MP: 4/7
   303 | D:1      | Learned a level 2 spell: Scorch
  1257 | D:2      | Reached XP level 3. HP: 26/26 MP: 6/8
  1693 | D:2      | Reached XP level 4. HP: 3/33 MP: 1/10
  2319 | D:2      | Found a runed translucent door.
  2327 | D:2      | Learned a level 4 spell: Flame Wave
  2328 | D:2      | Noticed Crazy Yiuf
  2684 | D:3      | Noticed Ijyb
  2700 | D:3      | Killed Ijyb
  2963 | D:3      | Reached XP level 5. HP: 34/38 MP: 6/11
  3751 | D:4      | Noticed Grinder
  3937 | D:4      | Reached XP level 6. HP: 27/45 MP: 6/13
  4061 | D:4      | Paralysed by Grinder for 4 turns
  4074 | D:4      | Killed Grinder
  4075 | D:4      | Reached skill level 1 in Fighting
  4253 | D:4      | Noticed Edmund
  4258 | D:4      | Killed Edmund
  4259 | D:4      | Reached XP level 7. HP: 41/52 MP: 1/15
  4376 | D:4      | Found a staircase to the Ecumenical Temple.
  4716 | D:4      | Noticed Natasha
  4726 | D:4      | Killed Natasha
  4726 | D:4      | Noticed Natasha
  4732 | D:4      | Killed Natasha
  4770 | D:4      | Noticed Natasha
  4776 | D:4      | Killed Natasha
  4849 | D:5      | Entered Level 5 of the Dungeon
  4849 | D:5      | Found a sand-covered staircase.
  4861 | D:5      | Noticed Pikel
  5233 | Ossuary  | Entered an ossuary
  5381 | Ossuary  | Killed by miscasting Flame Wave

Illustrated notes

Levels and vault maps discovered:
D:1:      ebering_trefoil_3fold, layout_rooms, serial_bayou_lagoon_a,
          minmay_pentomino_p2
D:2:      layout_rooms, dreamdust_princess_corridor,
          chequers_serial_rivers_large_a, st_stairs_6, uniq_crazy_yiuf_cottage
D:3:      layout_basic, old_standard_altar,
          shapermc_ecumenical_altar_notcrosses, uniq_ijyb
D:4:      layout_rooms, kennysheep_mini_moat, minmay_temple_entry_large_hall,
          uniq_edmund, uniq_grinder, uniq_natasha
D:5:      layout_rooms, nemelex_xobeh_ov_fountains_minmay,
          nicolae_ossuary_entry_monument, uniq_pikel
Ossuary:  ossuary_zaba_flooded

Skill      XL: |  1  2  3  4  5  6  7 |
---------------+----------------------+-----
Conjurations   | 1 2 3 |  3.7
Stealth        | 2 3 4 |  4.4
Dodging        | 2 3 4 |  4.0
Spellcasting   | 2 3 |  3.8
Fire Magic     | 3 4 |  4.6
Fighting       | 1 2 |  2.3

Action                   |  1- 3 |  4- 6 |  7- 9 || total
-------------------------+-------+-------+-------++-------
Melee: Unarmed           |     4 |     2 |       ||     6
       Dagger            |    15 |    24 |     1 ||    40
       Flail             |       |       |    22 ||    22
 Cast: Foxfire           |    35 |    39 |    25 ||    99
       Scorch            |    25 |    39 |    29 ||    93
       Flame Wave        |       |       |     2 ||     2
  Use: Scroll            |     2 |    10 |     5 ||    17
       Potion            |     1 |     4 |     1 ||     6
 Stab: Confused          |       |     1 |       ||     1
       Sleeping          |       |       |     1 ||     1
Armor: Robe              |     2 |       |       ||     2
       Skin              |       |     3 |       ||     3
       Leather armour    |       |     5 |    13 ||    18
Dodge: Dodged            |    15 |    30 |    46 ||    91

Table legend: (Time is in decaauts)
 A = Elapsed time spent in this place.
 B = Non-inter-level travel time spent in this place.
 C = Inter-level travel time spent in this place.
 D = Time resting spent in this place.
 E = Time spent auto-exploring this place.
 F = Levels seen in this place.
 G = Mean time per level.
                   A        B        C        D        E       F      G
               +--------+--------+--------+--------+--------+-----+--------+
         Total |   5401 |   5284 |    117 |   1953 |   2425 |   6 |  900.2 |
       Dungeon |   5249 |   5132 |    117 |   1858 |   2425 |   5 | 1049.8 |
       Ossuary |    151 |    151 |      0 |     95 |      0 |   1 |  151.0 |
               +--------+--------+--------+--------+--------+-----+--------+

Top non-repeatable levels by time:
     D:2: 1792 daAuts
     D:3: 1204 daAuts
     D:4: 1192 daAuts
     D:1: 953 daAuts
 Ossuary: 151 daAuts
     D:5: 106 daAuts
